 Dungeon Crawl Stone Soup version 0.20.1-1-g8b1a95d66d (webtiles) character file.

1755 NullDivider the Covert (level 9, 0/58 HPs)
             Began as an Octopode Artificer on Dec 6, 2017.
             Was a Believer of Nemelex Xobeh.
             Slain by a killer bee (6 damage)
             ... on level 7 of the Dungeon.
             The game lasted 00:28:52 (8190 turns).

NullDivider the Covert (Octopode Artificer)         Turns: 8190, Time: 00:28:54

Health: 0/58       AC:  3    Str: 11    XL:     9   Next: 6%
Magic:  22/22      EV: 16    Int: 14    God:    Nemelex Xobeh [**....]
Gold:   369        SH:  0    Dex: 15    Spells: 8/8 levels left

rFire    . . .     SeeInvis .   a - +0 short sword
rCold    . . .     Gourm    .   (no shield)
rNeg     + . .     Faith    .   J - +2 hat
rPois    .         Spirit   .   n - amulet of rage
rElec    .         Reflect  .   h - ring of flight
rCorr    .         Harm     .   o - ring of magical power
MR       .....                  B - ring of positive energy
Stlth    ++++++....             (no ring)
Regen    0.2/turn               (no ring)
MPRegen  0.2/turn               (no ring)
                                (no ring)
                                (no ring)

@: lethally poisoned (0 -> -14)
A: almost no armour, stealthy swim, amphibious, 8 rings, constrict 8, camouflage
2, gelatinous body 1
a: Renounce Religion, Evoke Berserk Rage, Evoke Flight


You were on level 7 of the Dungeon.
You worshipped Nemelex Xobeh.
Nemelex Xobeh was pleased with you.
You were near starving.

You visited 1 branch of the dungeon, and saw 7 of its levels.

You collected 369 gold pieces.

Inventory:

Hand Weapons
 a - a +0 short sword (weapon)
Armour
 J - a +2 hat (worn)
Jewellery
 h - a ring of flight (left tentacle)
 n - an amulet of rage (around mantle)
 o - a ring of magical power (right tentacle)
 B - a ring of positive energy (on tentacle)
 L - an uncursed amulet of faith {unknown}
Wands
 b - a wand of flame (7/48)
 c - a wand of enslavement (12/24)
 d - a wand of random effects (4/48)
 D - a wand of acid (4/15)
 N - a wand of acid (5/15)
Scrolls
 g - 2 scrolls of fog
 i - 3 scrolls of recharging
 k - 2 scrolls of teleportation {unknown}
 m - 3 scrolls of magic mapping
 v - a scroll of noise {unknown}
 w - a scroll of blinking {unknown}
 y - 4 scrolls of remove curse {unknown}
 z - 3 scrolls of amnesia {unknown}
 E - a scroll of immolation {unknown}
 I - 2 scrolls of enchant weapon {unknown}
 M - a scroll of enchant armour {unknown}
Potions
 e - a potion of cancellation {unknown}
 j - 3 potions of berserk rage {unknown}
 q - 2 potions of flight {unknown}
 s - a potion of might
 t - 2 potions of mutation {unknown}
 u - 4 potions of heal wounds {unknown}
 A - a potion of agility {unknown}
 C - a potion of brilliance {unknown}
 F - 3 potions of curing {unknown}
 H - a potion of lignification {unknown}
Books
 l - a book of Cantrips

   Spells                             Type                      Level
   a - Confusing Touch                Hexes                        1
   b - Animate Skeleton               Necromancy                   1
   c - Summon Small Mammal            Summoning                    1
   d - Apportation                    Translocation                1
Miscellaneous
 x - a plain deck of summoning {drawn: 1}
 G - a legendary deck of escape {drawn: 1}
 K - a plain deck of escape {drawn: 1}
Comestibles
 f - 7 bread rations
 p - 4 royal jellies
 r - 2 meat rations


   Skills:
 + Level 4.2 Fighting
 + Level 4.6 Short Blades
 + Level 4.9 Dodging
 * Level 9.7 Stealth
 + Level 5.9 Evocations


You had 8 spell levels left.
You didn't know any spells.

Dungeon Overview and Level Annotations

Branches:
Dungeon (7/15)
 Temple: D:4-7

Altars:
Dithmenos
Fedhas
Hepliaklqana
Kikubaaqudgha
Nemelex Xobeh
Trog

Annotations:
D:4 Kublaii's ghost, amateur HOFi
D:5 andriiy's ghost, novice MiFi


Innate Abilities, Weirdness & Mutations

You cannot wear most types of armour.
You are very stealthy in the water. (Stealth+)
You are amphibious.
You can wear up to eight rings at the same time.
You can use your tentacles to constrict eight enemies at once.
Your skin blends seamlessly with your surroundings (Stealth++).
Your rubbery body absorbs attacks. (AC +1, EV +1)


Message History

The killer bee is heavily wounded.
You feel sick. The killer bee stings you. The killer bee closely misses you.
The killer bee misses you.
The killer bee stings you but does no damage.
You barely miss the killer bee. Your grab misses the killer bee.
You squeeze the killer bee!
You kill the killer bee!
The killer bee stings you. The killer bee barely misses you.
The killer bee stings you.
* * * LOW HITPOINT WARNING * * *
Evoke which item? (* to show all) (? for menu, Esc to quit)
You draw a card...
It is the Cloud.
Clouds appear around you!
You feel sick. The killer bee closely misses you. The killer bee stings you.
* * * LOW HITPOINT WARNING * * *
You are lethally poisoned!
The killer bee poisons you! The killer bee stings you.
* * * LOW HITPOINT WARNING * * *
The killer bee stings you.
You die...
Your body disappears without a glow.

##.........# #÷# ....[......#
#.####### ...........# #........
...........# #........
...........####........
....##..........####### ....
#§§........# ... #y§§.......# ..
#@y§.......# #§§§.......#
#..........# #..........#
#..........# #..........#
############..........#
#.....................#
#####.....................#######


You could see 2 killer bees.

Vanquished Creatures
  2 eyes of draining (D:4)
  A sky beast (D:7)
  An ice beast (D:5)
  2 phantoms (D:6)
  4 ogres
  3 bullfrogs
  A scorpion (D:5)
  A killer bee (D:7)
  3 crimson imps
  A jelly (D:6)
  3 hounds
  Crazy Yiuf (D:7)
  A bullfrog skeleton (D:6)
  2 orc wizards
  A worker ant (D:5)
  A hound skeleton (D:5)
  4 gnolls (D:5)
  3 adders (D:2)
  2 shadow imps
  2 oozes
  3 adder zombies
  An adder skeleton (D:6)
  A worm (D:2)
  A dart slug (D:2)
  4 leopard geckos
  15 orcs
  7 giant cockroaches
  9 goblins
  7 hobgoblins
  7 jackals
  2 quokkas (D:5)
  3 bats
  2 frilled lizards (D:2)
  2 jackal skeletons
  8 kobolds
  7 rats
118 creatures vanquished.

Vanquished Creatures (collateral kills)
  Blork the orc (D:6)
  An orc wizard (D:4)
  An orc (D:4)
  A giant cockroach (D:4)
4 creatures vanquished.

Grand Total: 122 creatures vanquished

Notes
Turn   | Place    | Note
-------+----------+-------------------------------------------
     0 | D:1      | NullDivider the Octopode Artificer began the quest for the Orb.
     0 | D:1      | Reached XP level 1. HP: 13/13 MP: 3/3
    99 | D:1      | Reached skill level 2 in Stealth
   380 | D:1      | Reached XP level 2. HP: 14/18 MP: 4/4
   847 | D:1      | Reached XP level 3. HP: 20/23 MP: 5/5
  1198 | D:2      | Found a faded altar of an unknown god.
  1305 | D:2      | Reached skill level 3 in Stealth
  1447 | D:2      | Found a sparkling altar of Nemelex Xobeh.
  1582 | D:2      | Became a worshipper of Nemelex Xobeh the Trickster
  1628 | D:2      | Reached XP level 4. HP: 22/28 MP: 6/6
  2378 | D:3      | Received a gift from Nemelex Xobeh
  2740 | D:3      | Found a shadowy altar of Dithmenos.
  3021 | D:3      | Reached * piety under Nemelex Xobeh
  3190 | D:4      | Noticed an ogre
  3199 | D:4      | Killed an ogre
  3199 | D:4      | Reached skill level 4 in Stealth
  3199 | D:4      | Reached XP level 5. HP: 34/34 MP: 8/8
  3237 | D:4      | Found a hazy altar of Hepliaklqana.
  3277 | D:4      | Noticed Kublaii's ghost (amateur HOFi)
  3374 | D:4      | Reached XP level 6. HP: 28/39 MP: 9/9
  3525 | D:4      | Reached skill level 5 in Stealth
  3836 | D:4      | Received a gift from Nemelex Xobeh
  3872 | D:4      | Found a bloodstained altar of Trog.
  3873 | D:4      | Noticed an eye of draining
  3873 | D:4      | Noticed an eye of draining
  3891 | D:4      | Killed an eye of draining
  3891 | D:4      | Reached skill level 6 in Stealth
  3891 | D:4      | Reached XP level 7. HP: 45/45 MP: 4/10
  3992 | D:5      | Entered Level 5 of the Dungeon
  4621 | D:5      | Reached skill level 7 in Stealth
  4757 | D:5      | Reached ** piety under Nemelex Xobeh
  4855 | D:5      | Noticed andriiy's ghost (novice MiFi)
  4927 | D:5      | Reached skill level 5 in Evocations
  5058 | D:5      | Reached XP level 8. HP: 13/52 MP: 11/11
  5749 | D:6      | Reached skill level 8 in Stealth
  5900 | D:6      | Found a blossoming altar of Fedhas.
  6299 | D:6      | Found an ancient bone altar of Kikubaaqudgha.
  6444 | D:6      | Received a gift from Nemelex Xobeh
  6675 | D:6      | Noticed Blork the orc
  6682 | D:6      | Killed Blork the orc
  6881 | D:6      | Reached skill level 9 in Stealth
  7507 | D:7      | Reached XP level 9. HP: 6/58 MP: 13/13
  7519 | D:7      | Gained mutation: You are frail. (-10% HP) [mutagenic meat]
  7520 | D:7      | Gained mutation: Your skin blends seamlessly with your surroundings (Stealth++). [mutagenic meat]
  7523 | D:7      | Lost mutation: You are frail. (-10% HP) [mutagenic meat]
  7837 | D:7      | Found a runed door.
  7841 | D:7      | Noticed Crazy Yiuf
  7849 | D:7      | Killed Crazy Yiuf
  8190 | D:7      | Slain by a killer bee

Skill      XL: |  1  2  3  4  5  6  7  8 |
---------------+-------------------------+-----
Stealth        | 2 3 4 6 7 9 |  9.7
Evocations     | 4 5 |  5.9
Fighting       | 2 3 4 |  4.2
Short Blades   | 2 3 4 |  4.6
Dodging        | 3 4 |  4.9

Action                   |  1- 3 |  4- 6 |  7- 9 || total
-------------------------+-------+-------+-------++-------
Melee: Short sword       |    56 |   118 |   163 ||   337
       Tentacles         |    10 |    20 |    34 ||    64
       Constrict         |    13 |    25 |    24 ||    62
Evoke: Wand              |       |     3 |    24 ||    27
       Deck              |       |       |     3 ||     3
  Use: Scroll            |       |       |     5 ||     5
 Stab: Sleeping          |    10 |    12 |     8 ||    30
       Distracted        |       |       |     3 ||     3
  Eat: Chunk             |     2 |     7 |    17 ||    26
Armor: Skin              |     1 |     6 |     8 ||    15
Dodge: Dodged            |    23 |    64 |    85 ||   172
